 Dungeon Crawl Stone Soup version 0.31-a0-831-g143b1e81fc (webtiles) character file.

Game seed: 8638204421853762108

571 Dirtsage the Chopper (level 7, 52/52 HPs)
             Began as a Demonspawn Fighter on Sept 24, 2023.
             Quit the game on level 5 of the Dungeon.
             The game lasted 00:05:38 (3919 turns).

Dirtsage the Chopper (Demonspawn Fighter)           Turns: 3919, Time: 00:05:38

Health: 52/52      AC: 10    Str: 19    XL:     7   Next: 11%
Magic:  7/7        EV:  7    Int:  9    God:
Gold:   180        SH:  0    Dex: 12    Spells: 6/6 levels left

rFire   + . .        a - +0 war axe
rCold   + . .        (no shield)
rNeg    . . .        r - +0 chain mail
rPois   .            (no helmet)
rElec   .            w - scarf {rC+ rF+}
rCorr   .            s - +0 pair of gloves
SInv    .            (no boots)
Will    .....        u - amulet of guardian spirit Stlth
                     (no ring)
HPRegen 0.28/turn    (no ring)
MPRegen 0.10/turn

%: guardian spirit
@: no status effects
A: demonic guardian 1, ignite blood 1, demonic touch 2
a: no special abilities


You were on level 5 of the Dungeon.
You visited 1 branch of the dungeon, and saw 5 of its levels.
You also visited: Sewer.

You collected 240 gold pieces.
You spent 60 gold pieces at shops.

Inventory:

Hand Weapons
 a - a +0 war axe (weapon)
Missiles
 z - 3 curare-tipped darts
Armour
 b - a +0 scale mail
 c - a +0 buckler
 r - a +0 chain mail (worn)
 s - a +0 pair of gloves (worn)
 w - a scarf of resistance (worn)
Jewellery
 u - an amulet of guardian spirit (around neck)
Scrolls
 e - 4 scrolls of amnesia
 g - a scroll of fear
 i - a scroll of identify
 k - 2 scrolls of enchant weapon
 l - 3 scrolls of vulnerability {unknown}
 p - a scroll of noise {unknown}
 q - a scroll of fog {unknown}
 t - 4 scrolls of teleportation
 x - a scroll of immolation {unknown}
 y - 2 scrolls of poison {unknown}
Potions
 d - 2 potions of might
 f - 2 potions of heal wounds {unknown}
 h - 4 potions of brilliance {unknown}
 j - a potion of curing {unknown}
 m - 2 potions of magic {unknown}
 n - a potion of invisibility {unknown}
 o - a potion of haste {unknown}
 v - a potion of degeneration {unknown}


   Skills:
 - Level 3.0 Fighting
 + Level 7.2 Axes
 - Level 2.6 Armour
 - Level 2.6 Shields


You had 6 spell levels left.
You didn't know any spells.
Your spell library contained the following spells:

 Spells                   Type           Power      Damage    Failure   Level
 Sublimation of Blood     Necr           0%         N/A       99%         2
 Tukima's Dance           Hex            0%         N/A       100%        3
 Volatile Blastmotes      Fire/Tloc      0%         2d10      100%        3
 Dimensional Bullseye     Hex/Tloc       0%         N/A       100%        4
 Fulminant Prism          Conj/Hex       0%         3d5       100%        4
 Iskenderun's Mystic Bla  Conj/Tloc      0%         2d3       100%        4
 Petrify                  Tmut/Erth      0%         N/A       100%        4
 Irradiate                Conj/Tmut      0%         3d11      100%        5


Dungeon Overview and Level Annotations

Branches:
Dungeon (5/15)             Temple (0/1) D:5           Sewer (visited)

Altars:
Fedhas
Sif Muna
Xom

Shops:
D:2 ?   D:3 !


Innate Abilities, Weirdness & Mutations

A weak demonic guardian rushes to your aid.
Your demonic aura sometimes causes spilled blood to erupt in flames.
Your touch may inflict irresistible damage on your foes.


Message History

There is a stone staircase leading down here.
You climb downwards.
There is a stone staircase leading up here.
You now have 149 gold pieces (gained 8).
A sleepcap comes into view.
The sleepcap releases spores at you but does no damage.
You slash the sleepcap!
You touch the sleepcap!
The sleepcap is almost destroyed.
The sleepcap releases spores at you but does no damage.
You hit the sleepcap but do no damage.
You touch the sleepcap.
You destroy the sleepcap!
No target in view!
No target in view!
No target in view!
No target in view!
No target in view!
No target in view!
You see here 5 stones.
There is a shaft here.
You now have 164 gold pieces (gained 15).
y - 2 scrolls labelled ULURUGG JAUPEC (gained 1)
Found a stone staircase leading down.
You now have 180 gold pieces (gained 16).
Found a staircase to the Ecumenical Temple.
An iguana comes into view.
The iguana hisses angrily.
The iguana bites you but does no damage.
You slash the iguana!
The iguana is moderately wounded.
The iguana is engulfed in blazing flames.
You kill the iguana!
No target in view!
No target in view!
No target in view!
No target in view!
No target in view!
No target in view!
No target in view!
No target in view!
Are you sure you want to abandon this character and quit the game? (Confirm with "yes".)

. # #...# #.#
###.########(#
#.......##.#
#######.##.#
#....#.##.#
#.##.#.##.#
#.#..#.##.#
#°#....##.#
#@#..####.#
#....####.#
####.##<#.###
#.##.#...#
..##.###.#
####.# #.#
#.###.#
#.....#
#######


There were no monsters in sight!

Vanquished Creatures
  A scorpion (D:4)
  5 jellies (Sewer)
  An iguana (D:5)
  A sleepcap (D:5)
  Terence (D:2)
  6 gnolls
  4 river rats
  8 adders
  A white imp (D:4)
  An ufetubus (D:4)
  2 worms (D:3)
  A dart slug (D:1)
  4 orcs (D:4)
  12 ball pythons
  13 endoplasms
  7 giant cockroaches
  6 goblins
  4 hobgoblins
  6 jackals (D:1)
  7 bats
  7 frilled lizards
  3 kobolds
  9 rats
110 creatures vanquished.

Notes
Turn   | Place    | Note
-------+----------+-------------------------------------------
     0 | D:1      | Dirtsage the Demonspawn Fighter began the quest for the
                  | Orb.
     0 | D:1      | Reached XP level 1. HP: 18/18 MP: 1/1
    25 | D:1      | Reached skill level 2 in Axes
   101 | D:1      | Gained mutation: Your touch may inflict minor irresistible
                  | damage on your foes. [demonic ancestry]
   101 | D:1      | Reached XP level 2. HP: 24/24 MP: 2/2
   260 | D:1      | Reached skill level 3 in Axes
   303 | D:1      | Reached XP level 3. HP: 13/29 MP: 3/3
   833 | D:2      | Found a shimmering blue altar of Sif Muna.
   979 | D:2      | Noticed Terence
   992 | D:2      | Killed Terence
   993 | D:2      | Reached skill level 4 in Axes
   993 | D:2      | Gained mutation: Your touch may inflict irresistible damage
                  | on your foes. [demonic ancestry]
   993 | D:2      | Reached XP level 4. HP: 22/35 MP: 4/4
  1110 | D:2      | Found Nigyzeiw's Magic Scroll Shop.
  1118 | D:2      | Bought a scroll of teleportation for 36 gold pieces
  1118 | D:2      | Bought a scroll of identify for 24 gold pieces
  1785 | D:3      | Found Xokujuf's Distillery.
  1882 | D:3      | Reached XP level 5. HP: 34/41 MP: 5/5
  1893 | D:3      | Reached skill level 5 in Axes
  2055 | D:3      | Found a glowing drain.
  2066 | Sewer    | Entered a sewer
  2289 | Sewer    | Found a shimmering altar of Xom.
  2298 | Sewer    | Gained mutation: Your demonic aura sometimes causes spilled
                  | blood to erupt in flames. [demonic ancestry]
  2298 | Sewer    | Reached XP level 6. HP: 36/47 MP: 6/6
  2345 | Sewer    | Reached skill level 6 in Axes
  2951 | D:3      | Found a faded altar of an unknown god.
  2951 | D:3      | Noticed a balrug
  3134 | D:4      | Found a shimmering altar of Xom.
  3137 | D:4      | Found a blossoming altar of Fedhas.
  3450 | D:4      | Reached skill level 7 in Axes
  3605 | D:4      | Gained mutation: A weak demonic guardian rushes to your
                  | aid. [demonic ancestry]
  3605 | D:4      | Reached XP level 7. HP: 48/52 MP: 5/7
  3799 | D:5      | Entered Level 5 of the Dungeon
  3894 | D:5      | Found a staircase to the Ecumenical Temple.
  3919 | D:5      | Quit the game

Illustrated notes

Levels and vault maps discovered:
D:1:      onia_arrival_pentagram, layout_basic, serial_corexii_hall,
          chequers_hall_statues_corner_a, corexii_hall_statues_x,
          corexii_hall_statues_t, corexii_hall_statues_l, minmay_misc_feat_room,
          serial_bayou_pond_a
D:2:      layout_basic, serial_shops, shop, basic_altar,
          amcnicky_mini_pool_small, st_stairs_5, uniq_terence
D:3:      minmay_evil_eye, layout_basic, portal_sewer_entry_e, serial_shops,
          nicolae_shop_tiny_statue_garden,
          dreamdust_ecumenical_altar_sealed_demon
D:4:      layout_rooms, nicolae_overflow_hidden_temple, nicolae_half_adder
D:5:      layout_basic, temple_statues

Skill      XL: |  1  2  3  4  5  6 |
---------------+-------------------+-----
Axes           | 2 3 4 5 7 |  7.2
Fighting       | |  3.0
Armour         | |  2.6
Shields        | |  2.6

Action                     |  1- 3 |  4- 6 |  7- 9 || total
---------------------------+-------+-------+-------++-------
  Melee: War axe           |    98 |   174 |     3 ||   275
         Touch             |       |    25 |     2 ||    27
    Use: Scroll            |       |     3 |       ||     3
 Armour: Scale mail        |    86 |    83 |       ||   169
         Chain mail        |       |    60 |     3 ||    63
  Dodge: Dodged            |    46 |    74 |       ||   120
  Block: Buckler           |    31 |       |       ||    31

Table legend: (Time is in decaauts)
 A = Elapsed time spent in this place.
 B = Non-inter-level travel time spent in this place.
 C = Inter-level travel time spent in this place.
 D = Time resting spent in this place.
 E = Time spent auto-exploring this place.
 F = Levels seen in this place.
 G = Mean time per level.
                   A        B        C        D        E       F      G
               +--------+--------+--------+--------+--------+-----+--------+
         Total |   4027 |   3859 |    168 |      0 |   3088 |   6 |  671.2 |
       Dungeon |   3531 |   3363 |    168 |      0 |   2723 |   5 |  706.2 |
         Sewer |    495 |    495 |      0 |      0 |    365 |   1 |  495.0 |
               +--------+--------+--------+--------+--------+-----+--------+

Top non-repeatable levels by time:
     D:2: 967 daAuts
     D:3: 910 daAuts
     D:1: 832 daAuts
     D:4: 702 daAuts
   Sewer: 495 daAuts
     D:5: 120 daAuts
